 Dungeon Crawl Stone Soup version 0.31-a0-219-g8d62b2e7bb (webtiles) character file.

Game seed: 17462624689625510100

1445605 juan097 the Metallomancer (level 26, 221/221 HPs)
             Began as a Grey Draconian Earth Elementalist on June 30, 2023.
             Was the Champion of Vehumet.
             Escaped with the Orb
             ... and 3 runes on July 3, 2023!
             The game lasted 06:01:43 (97487 turns).

juan097 the Metallomancer (DrEE)                   Turns: 97487, Time: 06:01:44

Health: 221/221    AC: 27    Str: 10    XL:     26   Next: 69%
Magic:  34/44      EV: 35    Int: 29    God:    Vehumet [******]
Gold:   2743       SH: 11    Dex: 31    Spells: 4/60 levels left

rFire   + . .        a - staff of the Scroll {rElec rC- Dex+7 Earth}
rCold   + + .        g - +2 buckler {AC+3}
rNeg    + + .        (body armour unavailable)
rPois   +            v - +0 hat of Qazlal's Felicitations {Regen+ Dex+3}
rElec   +            n - +2 cloak of the Thief {*Fog Slay-2 SInv Stlth+}
rCorr   +            D - +0 pair of gloves "Nuel" {rPois rC++ rN+ rCorr Int-2}
SInv    +            J - +2 pair of boots {Fly}
Will    ++...        m - amulet "Lihaf" {Acrobat Int+2}
Stlth   ++           t - ring "Xugoazux" {rF+ rN+ Will+ Dex+5 Stlth-, =R}
HPRegen 1.36/turn    T - ring of the Duke {*Corrode rElec rC+ Int+3 Dex+2}
MPRegen 0.29/turn

%: random rage (3%), corrode self (3%), acrobat
@: flying, studying Staves
A: AC +17, amphibious, unfitting armour, cold-blooded, hooves 2, berserk 1,
frail 1, wild magic 1
0: Orb of Zot
}: 3/15 runes: decaying, silver, gossamer
a: Renounce Religion


You escaped.
You worshipped Vehumet.
Vehumet was exalted by your worship.
You visited 10 branches of the dungeon, and saw 48 of its levels.
You also visited: Bailey, Ice Cave and Wizlab.

You collected 7481 gold pieces.
You spent 4738 gold pieces at shops.

Inventory:

Hand Weapons
 b - the +6 Majin-Bo {spellvamp, MP+6 Int+6}
   (You acquired it on level 4 of the Spider Nest)

   Int:       It affects your intelligence (+6).
   MP:        It affects your magic capacity (+6).
Missiles
 N - a throwing net
 P - 24 curare-tipped darts
 S - 9 silver boomerangs
 U - 11 boomerangs of dispersal
Armour
 g - a +2 buckler of protection (worn)
 n - the +2 cloak of the Thief (worn) {*Fog Slay-2 SInv Stlth+}
   (You found it on level 3 of the Elven Halls)

   *Fog:      It may release a thick cloud of smoke when the wearer is hurt.
   Slay:      It affects your accuracy & damage with ranged weapons and melee
   (-2).
   SInv:      It lets you see invisible.
   Stlth:     It makes you more stealthy.
 v - the +0 hat of Qazlal's Felicitations (worn) {Regen+ Dex+3}
   (You acquired it on level 3 of the Elven Halls)

   Dex:       It affects your dexterity (+3).
   Regen:     It increases your rate of health regeneration.
 D - the +0 pair of gloves "Nuel" (worn) {rPois rC++ rN+ rCorr Int-2}
   (You bought it in a shop on level 2 of the Orcish Mines)

   Int:       It affects your intelligence (-2).
   rC:        It greatly protects you from cold.
   rPois:     It protects you from poison.
   rN:        It protects you from negative energy.
   rCorr:     It protects you from acid and corrosion.
 J - a +2 pair of boots of flying (worn)
Magical Staves
 a - the staff of the Scroll (weapon) {rElec rC- Dex+7 Earth}
   (You found it on level 3 of the Elven Halls)

   [staff of earth]

   Base accuracy: +5 Base damage: 5 Base attack delay: 1.2 This weapon's minimum
   attack delay (0.6) is reached at skill level 12.
   Dex:       It affects your dexterity (+7).
   rC:        It makes you vulnerable to cold.
   rElec:     It insulates you from electricity.
   Earth:     It increases the power of your Earth spells.
   It falls into the 'Staves' category.
   It is a one-handed weapon.
Jewellery
 m - the amulet "Lihaf" (around neck) {Acrobat Int+2}
   (You found it on level 5 of the Vaults)

   [amulet of the acrobat]

   It increases your evasion while moving and waiting.
   Int:       It affects your intelligence (+2).
 t - the ring "Xugoazux" (left hand) {rF+ rN+ Will+ Dex+5 Stlth-, =R}
   (You found it on level 2 of the Depths)

   [ring of willpower]

   Dex:       It affects your dexterity (+5).
   rF:        It protects you from fire.
   rN:        It protects you from negative energy.
   Will:      It increases your willpower.
   Stlth:     It makes you less stealthy.
 z - the ring of Ephemeral Luck {Will+ SInv}
   (You found it on level 5 of the Vaults)

   [ring of see invisible]

   SInv:      It lets you see invisible.
   Will:      It increases your willpower.
 B - the ring of Suluget {rF+ rC+ Str+2 Dex-4 Slay+5}
   (You found it in an ice cave)

   [ring of protection from cold]

   Str:       It affects your strength (+2).
   Dex:       It affects your dexterity (-4).
   Slay:      It affects your accuracy & damage with ranged weapons and melee
   (+5).
   rF:        It protects you from fire.
   rC:        It protects you from cold.
 T - the ring of the Duke (right hand) {*Corrode rElec rC+ Int+3 Dex+2}
   (You found it in an ice cave)

   [ring of protection from cold]

   Int:       It affects your intelligence (+3).
   Dex:       It affects your dexterity (+2).
   rC:        It protects you from cold.
   rElec:     It insulates you from electricity.
   *Corrode:  It may corrode you when you take damage.
Wands
 f - a wand of iceblast (29)
 E - a wand of digging (20)
 X - a wand of light (39)
Scrolls
 i - 5 scrolls of fog
 j - 6 scrolls of amnesia
 o - 6 scrolls of poison
 p - 9 scrolls of teleportation
 s - 9 scrolls of enchant weapon
 u - 2 scrolls of silence
 w - 3 scrolls of brand weapon
 y - 4 scrolls of revelation
 C - 3 scrolls of butterflies
 F - 4 scrolls of fear
 H - a scroll of blinking
 M - 10 scrolls of enchant armour
 W - 5 scrolls of vulnerability
Potions
 d - 18 potions of curing
 e - 7 potions of lignification
 h - 5 potions of mutation
 k - 2 potions of enlightenment
 l - 3 potions of magic
 q - 5 potions of brilliance
 r - a potion of might
 x - 12 potions of heal wounds
 A - 9 potions of ambrosia
 G - 2 potions of haste
 I - a potion of cancellation
 L - 7 potions of resistance
 Q - 8 potions of invisibility
Miscellaneous
 c - a tin of tremorstones (2/2)
 K - a phantom mirror
 R - a sack of spiders
 Y - a lightning rod (4/4)
 Z - a phial of floods


   Skills:
 + Level 21.9 Fighting
 - Level 6.0 Short Blades
 - Level 12.0 Staves
 - Level 6.0 Throwing
 - Level 20.0 Dodging
 - Level 6.0 Stealth
 - Level 10.0 Shields
 + Level 17.8 Spellcasting
 - Level 16.0 Conjurations
 - Level 6.0 Hexes
 - Level 12.0 Necromancy
 - Level 8.0 Translocations
 - Level 10.0 Transmutations
 - Level 24.0 Earth Magic
 - Level 8.0 Poison Magic
 - Level 12.0 Evocations


You had 4 spell levels left.
You knew the following spells:

 Your Spells              Type           Power      Damage    Failure   Level
a - Lee's Rapid Deconstr  Erth           72%        3d32*     1%          5
b - Sublimation of Blood  Necr           90%        N/A       1%          2
c - Passwall              Tmut/Erth      100%       N/A       1%          2
d - Orb of Destruction    Conj           50%        9d13      1%          7
e - Iskenderun's Mystic   Conj/Tloc      90%        2d18      1%          4
f - Yara's Violent Unrav  Hex/Tmut       38%        3d15      1%          5
g - Lehudib's Crystal Sp  Conj/Erth      67%        10d15     1%          8
h - Irradiate             Conj/Tmut      46%        3d27      1%          5
i - Shatter               Erth           72%        3d53*     4%          9
j - Borgnjor's Vile Clut  Necr/Erth      65%        N/A       1%          5
k - Passage of Golubria   Tloc           76%        N/A       1%          4

Your spell library contained the following spells:

 Spells                   Type           Power      Damage    Failure   Level
 Chain Lightning          Conj/Air       38%        3d50      100%        9
 Fire Storm               Conj/Fire      38%        8d10      100%        9
 Magic Dart               Conj           100%       1d8       1%          1
 Necrotise                Necr           100%       1d9       1%          1
 Sandblast                Erth           100%       2d20      1%          1
 Shock                    Conj/Air       100%       1d9       1%          1
 Slow                     Hex            100%       N/A       1%          1
 Sting                    Tmut/Pois      100%       1d8       1%          1
 Lesser Beckoning         Tloc           100%       N/A       1%          2
 Poisonous Vapours        Pois/Air       100%       N/A       1%          2
 Scorch                   Fire           66%        2d8       1%          2
 Searing Ray              Conj           100%       2d8       1%          2
 Wereblood                Tmut           83%        N/A       1%          2
 Confusing Touch          Hex            68%        N/A       1%          3
 Gell's Gravitas          Tloc           76%        N/A       1%          3
 Hailstorm                Conj/Ice       76%        3d16      1%          3
 Ignite Poison            Fire/Tmut/Pois 68%        N/A       1%          3
 Inner Flame              Hex/Fire       54%        N/A       1%          3
 Mephitic Cloud           Conj/Pois/Air  76%        N/A       1%          3
 Portal Projectile        Hex/Tloc       100%       N/A       1%          3
 Stone Arrow              Conj/Erth      100%       3d13      1%          3
 Teleport Other           Tloc           76%        N/A       1%          3
 Tukima's Dance           Hex            68%        N/A       1%          3
 Vampiric Draining        Necr           90%        2d12      1%          3
 Animate Dead             Necr           90%        N/A       1%          4
 Flame Wave               Conj/Fire      76%        2d17      1%          4
 Fulminant Prism          Conj/Hex       43%        3d19      1%          4
 Leda's Liquefaction      Hex/Erth       60%        N/A       1%          4
 Olgreb's Toxic Radiance  Pois           76%        N/A       1%          4
 Petrify                  Tmut/Erth      100%       N/A       1%          4
 Sticky Flame             Conj/Fire      76%        2d9       1%          4
 Frozen Ramparts          Ice            66%        1d10      2%          3
 Summon Guardian Golem    Hex/Summ       54%        N/A       3%          3
 Cause Fear               Hex            34%        N/A       3%          4
 Ice Form                 Ice/Tmut       63%        N/A       4%          4
 Airstrike                Air            16%        2d(3-19)  9%          4
 Call Canine Familiar     Summ           33%        N/A       10%         3
 Ozocubu's Armour         Ice            33%        N/A       10%         3
 Swiftness                Air            33%        N/A       10%         3
 Summon Lightning Spire   Summ/Air       33%        N/A       30%         4
 Agony                    Necr           90%        N/A       1%          5
 Iskenderun's Battlesphe  Conj           100%       2d15      1%          5
 Leda's Unmaking          Conj/Erth      67%        9d11      1%          6
 Blade Hands              Tmut           41%        N/A       2%          5
 Freezing Cloud           Conj/Ice/Air   32%        6-21      3%          5
 Conjure Ball Lightning   Conj/Air       38%        3x3d12    4%          6
 Death Channel            Necr           45%        N/A       4%          6
 Spellforged Servitor     Conj/Summ      38%        N/A       22%         7
 Metabolic Englaciation   Hex/Ice        27%        N/A       24%         5
 Silence                  Hex/Air        27%        N/A       24%         5
 Summon Mana Viper        Hex/Summ       54%        N/A       24%         5
 Simulacrum               Ice/Necr       34%        N/A       36%         6
 Dragon Form              Tmut           41%        N/A       38%         7
 Plasma Beam              Fire/Air       16%        2x1d28    65%         6
 Summon Cactus Giant      Summ           16%        N/A       98%         6
 Malign Gateway           Summ/Tloc      29%        N/A       99%         7
 Disjunction              Tloc           38%        N/A       99%         8
 Summon Hydra             Summ           16%        N/A       100%        7
 Discord                  Hex            34%        N/A       100%        8
 Ignition                 Fire           16%        3d7       100%        8
 Dragon's Call            Summ           16%        N/A       100%        9
 Animate Armour           Summ/Erth      Unusable   N/A       N/A         4

Dungeon Overview and Level Annotations

Branches:
Dungeon (15/15)            Temple (1/1) D:4            Lair (5/5) D:8
  Swamp (4/4) Lair:3       Spider (4/4) Lair:3        Slime (0/5) Lair:4
    Orc (2/2) D:10            Elf (3/3) Orc:2        Vaults (5/5) D:13
 Depths (4/4) D:15            Zot (5/5) Depths:4     Bailey (visited)
  IceCv (visited)          WizLab (visited)
  Crypt: Vaults:2-3

Altars:
Ashenzari
Cheibriados
Dithmenos
Elyvilon
Fedhas
Gozag
Hepliaklqana
Kikubaaqudgha
Makhleb
Nemelex Xobeh
Okawaru
Qazlal
Ru
Sif Muna
Trog
Uskayaw
Vehumet
Wu Jian
Xom
Yredelemnul
Zin
The Shining One
Jiyva

Shops:
D:10 :   Orc:1 *   Orc:2 [(![   Elf:2 *   Swamp:2 *   Vaults:1 =   Vaults:3 (
Vaults:4 *   Vaults:5 !!=:   Depths:1 *

Portals:
Hell: Depths:1 Depths:2 Depths:3 Depths:4
Abyss: Depths:1 Depths:3 Depths:4
Pandemonium: Depths:1 Depths:2
Ziggurat: Depths:1
Trove: D:11 (give +5 demon blade)

Annotations:
Vaults:1 3 runed translucent doors, Qecvurom's ghost, adept DrRe
Vaults:2 Xtahua
Depths:3 Mennas


Innate Abilities, Weirdness & Mutations

Your dull iron-grey scales are very hard. (AC +17)
You are amphibious.
You cannot fit into any form of body armour.
You are cold-blooded and may be slowed by cold attacks.
You have hoof-like feet.
You sometimes lose your temper in combat.
You are frail. (-10% HP)
Your spells are a little harder to cast, but a little more powerful.


Message History

The Executioner hits you but does no damage.
You block the Executioner's attack.
You hit the Executioner.
You shatter the Executioner!!!
You hit the Executioner.
You shatter the Executioner.
You tail-slap the Executioner, but do no damage.
The Executioner is almost dead.
The Executioner gestures.
The Executioner seems to speed up.
An efreet comes into view.
It is wielding a +4 scimitar of flaming.
You miss the Executioner.
Your tail-slap misses the Executioner.
You hit the Executioner.
You shatter the Executioner!
You kill the Executioner!
Vehumet accepts your kill.
You feel your power returning.
You feel a strong urge to attack something.
There is a stone staircase leading up here.
You fly upwards.
You feel your anger nearly subside.
There is a stone staircase leading down here.
You are no longer berserk.
You are exhausted.
You feel yourself slow down.
HP restored.
Your magical contamination has completely faded away.
Your extra speed is starting to run out.
You feel yourself slow down.
You feel yourself speed up.
You start to feel less resistant.
You recover from your berserk rage.
Your resistance to elements expires.
There is an open door here.
A ynoxinul comes into view.
There is an open door here.
You hit the ynoxinul.
You shatter the ynoxinul!!!
You kill the ynoxinul!
Vehumet accepts your kill.
You feel your power returning.
No target in view!
There is a staircase leading out of the dungeon here.
You have escaped!

####........###(.....#.####.#
............+.........>..>..#
####........#..##############
# #..........## #.........##
#.........# #########.#
###...####### #...###..@..#
######.### #.....# #......#
#.....#
#.############'############
#.#~~~~~~~~~~~.~~~~~~~~~~~#
#.#~P.♣PP.♣♣P~.~P♣P♣♣♣.♣♣~# #
#.#~♣♣P.♣P♣♣♣~.~.♣P♣P.♣♣.~# #
#.#~~~~~~~~~~~.~~~~~~~~~~~# #
#.#~~~~~~~~~.....~~~~~~~~~#


There were no monsters in sight!

Vanquished Creatures
  8 dread liches
  Tiamat (Zot:3)
  4 ancient liches
  5 orbs of fire (Zot:5)
  3 juggernauts (Depths:3)
  Parghit (Zot:2)
  3 Killer Klowns (Zot:5)
  the Lernaean hydra (Swamp:4)
  4 curse toes
  Bai Suzhen (Vaults:4)
  A caustic shrike (Depths:1)
  13 golden dragons
  3 pandemonium lords
  Jory (Vaults:5)
  2 bone dragons (Depths:4)
  the Enchantress (Depths:1)
  5 electric golems
  Jorgrun (Orc:1)
  13 tentacled monstrosities
  A walking crystal tome (Depths:4)
  A Cloud Mage (WizLab)
  26 Orb Guardians
  A lich (Vaults:5)
  A deep elf blademaster (Elf:3)
  2 deep elf master archers
  Asterion (Elf:3)
  An Ice Fiend (D:10)
  7 titans
  4 quicksilver dragons
  A walking divine tome (Depths:3)
  9 death cobs
  An Executioner (D:2)
  5 sphinxes
  2 thorn hunters (Swamp:3)
  14 storm dragons
  11 draconian monks
  12 shadow dragons
  2 azure jellies (IceCv)
  9 tengu reavers
  3 fenstrider witches (Swamp:4)
  12 vault wardens
  12 fire giants
  2 draconian knights
  5 draconian scorchers
  10 frost giants
  The ghost of Zirackig the Thaumaturge, a journeyman GnFE of Cheibriados (Spider:3)
  11 emperor scorpions
  A juggernaut zombie (Depths:1)
  13 deep elf sorcerers
  An orc warlord (Orc:2)
  2 iron dragons
  3 ghouls (Swamp:3)
  9 ghost moths
  A balrug (Zot:2)
  4 deep elf elementalists (Elf:3)
  9 draconian shifters
  Aizul (Spider:3)
  11 draconian annihilators
  A cacodemon (D:6)
  A caustic shrike skeleton (Depths:2)
  A reaper (Depths:4)
  8 spriggan defenders
  17 ironbound preservers
  10 draconian stormcallers
  3 formless jellyfish
  4 broodmothers
  9 stone giants
  7 ironbound thunderhulks
  A quicksilver ooze (shapeshifter) (Vaults:5)
  24 very ugly things
  3 war gargoyles
  11 deep elf demonologists
  24 black draconians
  3 vampire knights
  12 green draconians
  Azrael (Orc:2)
  An eleionoma (Swamp:1)
  9 deep elf annihilators (Elf:3)
  8 purple draconians
  15 white draconians
  6 dire elephants
  9 yellow draconians
  A bunyip (shapeshifter) (Depths:1)
  11 red draconians
  An eidolon (Vaults:2)
  11 spark wasps
  9 crystal guardians
  5 deep elf death magi
  9 fire dragons
  7 bunyips
  9 ettins
  14 yaktaur captains
  2 blizzard demons (WizLab)
  11 entropy weavers
  4 jiangshi (Depths:1)
  8 deep elf high priests
  9 great orbs of eyes
  4 rakshasas
  25 vault guards
  4 ice dragons
  Erolcha (D:13)
  The ghost of lessens the Nimble, a journeyman SpBe of Trog (Orc:2)
  2 peacekeepers (Vaults:2)
  22 hydras
  8 ironbound frosthearts
  9 spriggan air magi
  8 ghost crabs
  2 jorogumos (Spider:3)
  2 two-headed ogres
  2 radroaches
  22 centaur warriors
  9 death yaks
  A two-headed ogre (shapeshifter) (Depths:3)
  An ogre mage (Vaults:5)
  9 deep troll earth magi
  A satyr (shapeshifter) (Vaults:5)
  5 deep troll shamans
  A hell hog (Depths:4)
  13 alligators
  8 demonic crawlers
  6 boulder beetles
  13 tengu warriors
  2 shock serpents (WizLab)
  A soul eater (D:2)
  28 dancing weapons
  4 vampire magi
  Urug (Lair:1)
  4 orc high priests
  5 spriggan berserkers
  24 deep elf knights
  A shock serpent (shapeshifter) (Vaults:3)
  3 large abominations
  5 sun demons
  A skyshark (Lair:4)
  13 hell knights
  5 skeletal warriors
  A storm dragon skeleton (Depths:1)
  3 iron trolls
  5 goliath frogs
  2 sixfirhies (D:6)
  5 pharaoh ants
  A death drake (shapeshifter) (Depths:3)
  8 death drakes (WizLab)
  3 sun moths
  49 deep trolls
  5 bog bodies
  3 flayed ghosts
  A swamp dragon (shapeshifter) (Depths:3)
  11 glowing orange brains
  13 wizards
  3 spriggan druids
  24 deep elf archers
  An obsidian statue (Zot:5)
  9 swamp dragons
  6 necromancers
  8 orb spiders
  2 phantasmal warriors
  5 steelbarb worms
  7 ironbound convokers
  8 lindwurms
  3 harpies (Vaults:1)
  8 orc knights
  6 orc sorcerers (Orc:2)
  31 deep elf pyromancers
  17 wolf spiders
  33 ugly things
  A shining eye (shapeshifter) (Vaults:5)
  6 will-o-the-wisps
  32 deep elf zephyrmancers
  5 manticores
  An iron dragon zombie (Depths:1)
  A tengu skeleton (Depths:1)
  24 moths of wrath
  A cyclops (shapeshifter) (Depths:2)
  2 cyclopes
  6 black mambas
  Maurice (Orc:2)
  6 torpor snails
  2 apocalypse crabs (WizLab)
  20 vault sentinels
  A water nymph (shapeshifter) (Vaults:5)
  2 ice statues (IceCv)
  7 cane toads
  4 molten gargoyles
  13 unseen horrors (Depths:1)
  2 gargoyles
  A hellion (Zot:3)
  39 yaktaurs
  2 kobold demonologists
  A freezing wraith (Vaults:5)
  8 komodo dragons
  An efreet (D:14)
  9 tengu conjurers
  2 rime drakes
  An ice devil (Zot:3)
  2 wind drakes (WizLab)
  A red devil (Depths:1)
  25 tarantellas
  6 polar bears
  2 bloated husks
  A merfolk (shapeshifter) (Vaults:5)
  7 hornets
  7 trolls
  7 tyrant leeches
  9 dream sheep
  A raiju (shapeshifter) (D:13)
  7 air elementals
  14 jumping spiders
  24 culicivoras
  16 spriggans
  66 slime creatures
  A spriggan skeleton (Depths:1)
  A vampire (D:13)
  4 water elementals
  Sigmund (D:4)
  4 shadows
  9 wyverns
  2 wraiths (D:11)
  A ynoxinul (D:1)
  35 yaks
  10 vampire mosquitoes
  6 golden eyes (D:9)
  9 basilisks
  6 fire elementals
  The ghost of superbruh the Sneak, an amateur GnWn of Uskayaw (D:3)
  4 steam dragons
  5 wargs
  58 redbacks
  2 chaos spawn (Depths:1)
  An acid dragon (D:11)
  12 water moccasins
  12 swamp worms
  9 hell hounds
  8 swamp drakes
  35 orc warriors
  A sky beast (D:6)
  4 black bears
  4 great orb of eyes simulacra (IceCv)
  6 ice beasts
  10 ogres
  8 centaurs
  29 wolves
  A phantom (D:5)
  4 kobold brigands
  4 slime creature simulacra (IceCv)
  Blork the orc (D:4)
  7 bullfrogs
  A necrophage (Swamp:3)
  3 gnoll sergeants
  5 earth elementals
  5 scorpions
  4 glowing shapeshifter simulacra (IceCv)
  4 wights
  A howler monkey (D:9)
  2 electric eels (Spider:4)
  5 lava snakes (Lair:5)
  Crazy Yiuf (D:4)
  3 hounds
  4 jellies
  A gnoll bouda (Lair:5)
  22 orc priests
  3 iguanas
  2 sleepcaps
  21 orc wizards
  4 shapeshifter simulacra (IceCv)
  4 small abominations
  A scorpion simulacrum (D:3)
  Robin (D:3)
  8 gnolls
  6 adders
  A shadow imp (D:6)
  A white imp (D:6)
  An ufetubus (D:4)
  2 dart slugs (D:4)
  2 adder simulacra (D:3)
  70 orcs
  11 ball pythons
  5 bats
  6 endoplasms
  4 giant cockroaches
  16 goblins
  7 hobgoblins
  12 jackals
  14 kobolds
  5 quokkas
  A frilled lizard (D:1)
  A jackal simulacrum (D:3)
  4 rats
  A butterfly (Swamp:1)
2135 creatures vanquished.

Vanquished Creatures (collateral kills)
  Saint Roka (Orc:1)
  Arachne (Spider:4)
  A centaur warrior (Vaults:2)
  A komodo dragon (Lair:1)
  An orc (Orc:1)
5 creatures vanquished.

Vanquished Creatures (others)
  A lich (Zot:5)
  A fire giant (Depths:2)
  2 alligators (Swamp:2)
  A shock serpent (WizLab)
  A goliath frog (Swamp:2)
  A human (Swamp:4)
  2 gnolls (D:9)
  3 ball lightnings (Zot:5)
  24 foxfires
36 creatures vanquished.

Grand Total: 2176 creatures vanquished

Notes
Turn   | Place    | Note
-------+----------+-------------------------------------------
     0 | D:1      | juan097 the Draconian Earth Elementalist began the quest
                  | for the Orb.
     0 | D:1      | Reached XP level 1. HP: 14/14 MP: 3/3
   164 | D:1      | Reached XP level 2. HP: 17/20 MP: 1/5
   362 | D:1      | Learned a level 2 spell: Passwall
   683 | D:1      | Reached XP level 3. HP: 26/26 MP: 4/6
   730 | D:1      | Learned a level 3 spell: Stone Arrow
  1439 | D:2      | Found a faded altar of an unknown god.
  1621 | D:3      | Found a runed translucent gate.
  1621 | D:3      | Found a runed translucent gate.
  1621 | D:3      | Found a runed translucent gate.
  1713 | D:3      | Reached skill level 4 in Earth Magic
  1766 | D:3      | Found a broken altar of Ashenzari.
  1768 | D:3      | Found a sparkling altar of Nemelex Xobeh.
  1777 | D:3      | Noticed Robin
  1791 | D:3      | Reached XP level 4. HP: 23/33 MP: 2/7
  1848 | D:3      | Identified the +3 leather armour "Aboarphom" {Str+4}
  2133 | D:3      | Found a bloodstained altar of Trog.
  2136 | D:3      | Found a burning altar of Makhleb.
  2166 | D:3      | Noticed superbruh's ghost (amateur GnWn)
  2574 | D:3      | Killed Robin
  2761 | D:4      | Reached skill level 1 in Short Blades
  2899 | D:4      | Reached XP level 5. HP: 33/38 MP: 9/9
  2957 | D:4      | Noticed Sigmund
  3002 | D:4      | Found a staircase to the Ecumenical Temple.
  3007 | D:4      | Noticed Blork the orc
  3011 | Temple   | Entered the Ecumenical Temple
  3089 | Temple   | Became a worshipper of Vehumet
  3109 | D:4      | Killed Blork the orc
  3167 | D:4      | Found a runed translucent door.
  3168 | D:4      | Noticed Crazy Yiuf
  3364 | D:4      | Found an iron altar of Okawaru.
  3559 | D:4      | Reached skill level 5 in Earth Magic
  3651 | D:4      | Reached XP level 6. HP: 45/45 MP: 10/10
  4371 | D:4      | Killed Crazy Yiuf
  4485 | D:5      | Entered Level 5 of the Dungeon
  4553 | D:5      | Reached skill level 6 in Earth Magic
  4637 | D:5      | Your scales start taking on a dull iron-grey colour.
  4637 | D:5      | Reached skill level 7 in Earth Magic
  4637 | D:5      | Reached XP level 7. HP: 42/51 MP: 11/11
  4780 | D:5      | Reached skill level 1 in Fighting
  4865 | D:5      | Reached * piety under Vehumet
  4865 | D:5      | Offered knowledge of Magic Dart by Vehumet.
  4959 | D:5      | Identified the +1 robe "Gopegr Qeyll" {rC++ Int-5}
  5006 | D:5      | Found a large runed translucent door.
  5006 | D:5      | Found a large runed translucent door.
  5009 | D:5      | Noticed a shadow
  5171 | D:5      | Found a large runed translucent door.
  5171 | D:5      | Found a large runed translucent door.
  5405 | D:5      | Reached XP level 8. HP: 62/62 MP: 13/13
  5564 | D:5      | Reached skill level 8 in Earth Magic
  5810 | D:5      | Noticed a gargoyle
  6095 | D:5      | Learned a level 4 spell: Petrify
  6204 | D:5      | Got Ili Esch's Volume of Hexing Relocation
  6416 | D:6      | Reached skill level 1 in Conjurations
  6964 | D:6      | Reached XP level 9. HP: 72/72 MP: 4/15
  7094 | D:6      | Offered knowledge of Momentum Strike by Vehumet.
  7100 | D:6      | Reached ** piety under Vehumet
  7490 | D:7      | Found a flagged portal.
  7536 | Bailey   | Entered a bailey
  7569 | Bailey   | Reached skill level 5 in Fighting
  7683 | Bailey   | Reached skill level 5 in Dodging
  7957 | Bailey   | Reached skill level 9 in Earth Magic
  8047 | Bailey   | Noticed a two-headed ogre
  9287 | D:8      | Noticed a polar bear
  9288 | D:8      | Reached XP level 10. HP: 83/83 MP: 3/16
  9416 | D:8      | Reached skill level 10 in Earth Magic
  9741 | D:8      | Found a staircase to the Lair.
 10585 | D:5      | Killed a gargoyle
 10716 | D:4      | Killed Sigmund
 10857 | Lair:1   | Entered Level 1 of the Lair of Beasts
 10951 | Lair:1   | Noticed a death yak
 11006 | Lair:1   | Noticed Urug
 11017 | Lair:1   | Offered knowledge of Scorch by Vehumet.
 11018 | Lair:1   | Reached skill level 5 in Short Blades
 11132 | Lair:1   | Reached skill level 5 in Stealth
 11132 | Lair:1   | Reached skill level 5 in Conjurations
 11184 | Lair:1   | Noticed a cane toad
 11206 | Lair:1   | Killed a cane toad
 11328 | Lair:1   | Reached skill level 5 in Spellcasting
 11661 | D:9      | Identified the +6 bardiche "Demonbane" {flame, rElec rF+
                  | Str+3 SInv}
 11675 | D:9      | Reached *** piety under Vehumet
 11835 | D:9      | Reached XP level 11. HP: 89/92 MP: 14/18
 11962 | D:9      | Noticed a two-headed ogre
 12054 | D:9      | Learned a level 4 spell: Iskenderun's Mystic Blast
 12059 | D:9      | Learned a level 4 spell: Olgreb's Toxic Radiance
 12074 | D:9      | Found an opulent altar of Gozag.
 12197 | D:10     | Entered Level 10 of the Dungeon
 12197 | D:10     | Found Fyhufof's Self-Improvement Boutique.
 12198 | D:10     | Noticed a two-headed ogre
 12206 | D:10     | Killed a two-headed ogre
 12253 | D:10     | Found a staircase to the Orcish Mines.
 12443 | D:10     | Offered knowledge of Volatile Blastmotes by Vehumet.
 12444 | D:10     | Reached skill level 1 in Translocations
 12444 | D:10     | Reached skill level 1 in Poison Magic
 12633 | D:10     | Found a blossoming altar of Fedhas.
 12696 | D:10     | Found a white marble altar of Elyvilon.
 13140 | D:10     | Found a glowing silver altar of Zin.
 13140 | D:10     | Noticed an angel
 13247 | D:11     | Found a portal to a secret trove of treasure.
 13291 | D:11     | Found a frozen archway.
 13305 | IceCv    | Entered an ice cave
 13472 | IceCv    | Noticed a quicksilver ooze
 13509 | IceCv    | Identified the ring "Narad" {rC+ rCorr Int+2 SInv}
 13613 | IceCv    | Reached **** piety under Vehumet
 14304 | IceCv    | Offered knowledge of Fireball by Vehumet.
 14838 | IceCv    | Noticed an azure jelly
 14855 | IceCv    | Killed an azure jelly
 14917 | IceCv    | Found a viscous altar of Jiyva.
 14917 | IceCv    | Noticed an azure jelly
 14926 | IceCv    | Killed an azure jelly
 15030 | IceCv    | Got the ring of Bigimm {Ice Stlth+}
 15032 | IceCv    | Got the ring of the Duke {*Corrode rElec rC+ Int+3 Dex+2}
 15034 | IceCv    | Got the Collected Works on the Deep Freeze
 15038 | IceCv    | Got the ring of Suluget {rF+ rC+ Str+2 Dex-4 Slay+5}
 15104 | IceCv    | Reached XP level 12. HP: 103/103 MP: 13/21
 15502 | D:11     | Reached skill level 5 in Poison Magic
 16109 | D:11     | Identified the +0 kite shield of Qagh {Int+3}
 16245 | Orc:1    | Entered Level 1 of the Orcish Mines
 16255 | Orc:1    | Noticed Jorgrun
 16346 | Orc:1    | Reached ***** piety under Vehumet
 16357 | Orc:1    | Killed Jorgrun
 16719 | Orc:1    | Found Dof Xima's General Store.
 16747 | Orc:2    | Entered Level 2 of the Orcish Mines
 16837 | Orc:2    | Offered knowledge of Lee's Rapid Deconstruction by Vehumet.
 16842 | Orc:2    | Noticed Maurice
 16858 | Orc:2    | Killed Maurice
 16870 | Orc:1    | Learned a level 5 spell: Lee's Rapid Deconstruction
 17026 | Orc:2    | Found a runed translucent gate.
 17026 | Orc:2    | Found a runed translucent gate.
 17026 | Orc:2    | Found a runed translucent gate.
 17026 | Orc:2    | Noticed lessens's ghost (journeyman SpBe)
 17769 | Orc:2    | Noticed an orc warlord
 17816 | Orc:2    | Killed an orc warlord
 18040 | Orc:2    | Found a staircase to the Elven Halls.
 18222 | Orc:2    | Noticed Saint Roka
 18519 | Lair:1   | Killed Urug
 18520 | Lair:1   | Reached skill level 10 in Fighting
 18719 | Lair:1   | Noticed a death yak
 18740 | Lair:1   | Killed a death yak
 18950 | Lair:1   | Noticed a death yak
 18959 | Lair:1   | Killed a death yak
 18960 | Lair:1   | Reached skill level 11 in Earth Magic
 18960 | Lair:1   | Reached XP level 13. HP: 113/113 MP: 12/22
 19777 | Lair:2   | Reached skill level 10 in Dodging
 20015 | Lair:2   | Reached skill level 12 in Earth Magic
 20119 | Lair:2   | Reached skill level 1 in Evocations
 20766 | Lair:3   | Offered knowledge of Leda's Unmaking by Vehumet.
 21193 | Lair:3   | You fall into a shaft and drop 2 floors!
 21193 | Lair:5   | Entered Level 5 of the Lair of Beasts
 21782 | Lair:3   | Found a hole to the Spider Nest.
 21915 | Lair:3   | Reached skill level 5 in Evocations
 22042 | Lair:3   | Learned a level 6 spell: Leda's Unmaking
 22104 | Lair:3   | Identified the +9 hand axe "Hydrabane" {freeze, rF- rN++
                  | Int+3 Stlth+}
 22112 | Lair:3   | Found a staircase to the Swamp.
 23117 | Lair:4   | Found a staircase to the Slime Pits.
 23122 | Lair:4   | Found a viscous altar of Jiyva.
 23971 | Lair:5   | Reached XP level 14. HP: 121/121 MP: 17/26
 25640 | Lair:5   | Reached ****** piety under Vehumet
 25858 | Lair:5   | Offered knowledge of Orb of Destruction by Vehumet.
 25894 | Lair:5   | Found a large runed translucent door.
 25895 | Lair:5   | Found a large runed translucent door.
 26693 | Orc:1    | Killed Saint Roka
 27348 | Orc:2    | Reached skill level 13 in Earth Magic
 27351 | Orc:2    | Noticed Azrael
 27966 | Orc:2    | Killed Azrael
 28541 | Orc:2    | Found Ziceu's Antique Armour Shoppe.
 28541 | Orc:2    | Found Caemoc's Antique Armour Shoppe.
 28542 | Orc:2    | Found Gytsun's Distillery.
 28542 | Orc:2    | Found Kyuth's Weapon Boutique.
 28575 | Orc:2    | Bought a pair of scorched gloves for 209 gold pieces
 28575 | Orc:2    | Identified the +0 pair of gloves "Nuel" {rPois rC++ rN+
                  | rCorr Int-2} (You bought it in a shop on level 2 of the
                  | Orcish Mines)
 28933 | Orc:2    | Killed lessens's ghost
 29123 | D:10     | Bought a manual of Dodging for 880 gold pieces
 29166 | Orc:2    | Learned a level 7 spell: Orb of Destruction
 29274 | Orc:2    | Bought a potion of haste for 130 gold pieces
 29274 | Orc:2    | Bought 2 potions of cancellation for 208 gold pieces
 29274 | Orc:2    | Bought 2 potions of invisibility for 208 gold pieces
 29884 | D:12     | Found a transporter.
 30507 | D:13     | Identified the +9 chain mail of Vlad {rF+ Regen+}
 30532 | D:13     | Reached skill level 10 in Spellcasting
 30724 | D:13     | Reached XP level 15. HP: 123/130 MP: 28/29
 30812 | D:13     | Noticed Erolcha
 30818 | D:13     | Killed Erolcha
 31085 | D:13     | Found a gate to the Vaults.
 31742 | D:14     | Reached skill level 10 in Conjurations
 32469 | D:14     | Reached skill level 14 in Earth Magic
 32524 | D:15     | Entered Level 15 of the Dungeon
 32667 | D:14     | Offered knowledge of Freezing Cloud by Vehumet.
 33325 | D:15     | Found a staircase to the Depths.
 33597 | D:15     | Found a shimmering blue altar of Sif Muna.
 33900 | Spider:1 | Entered Level 1 of the Spider Nest
 33958 | Spider:1 | Reached skill level 1 in Staves
 34440 | Spider:1 | Reached skill level 15 in Dodging
 34947 | Spider:1 | Identified the +4 dagger "Gikatiod" {heavy, Str+5}
 35317 | Spider:2 | Noticed an emperor scorpion
 35323 | Spider:2 | Killed an emperor scorpion
 35852 | Spider:2 | Reached XP level 16. HP: 139/139 MP: 30/30
 36433 | Spider:2 | Reached skill level 5 in Staves
 36434 | Spider:2 | Offered knowledge of Spellforged Servitor by Vehumet.
 37521 | Spider:3 | Noticed Zirackig's ghost (journeyman GnFE)
 37631 | Spider:3 | Found a runed translucent gate.
 37631 | Spider:3 | Found a runed translucent gate.
 37631 | Spider:3 | Found a runed translucent gate.
 37936 | Spider:3 | Noticed Aizul
 37948 | Spider:3 | Killed Aizul
 38234 | Spider:3 | Identified the +7 mace "Xori" {flame, rElec Str+3}
 38825 | Spider:3 | Killed Zirackig's ghost
 39194 | Spider:3 | Identified the ring of Gukuetos {Dex+6 SInv}
 39287 | Spider:4 | Entered Level 4 of the Spider Nest
 40024 | Spider:4 | Offered knowledge of Iskenderun's Battlesphere by Vehumet.
 40634 | Spider:4 | Upgraded the game from 0.31-a0-210-gccc998df9b to
                  | 0.31-a0-214-gb37851dbb3
 40921 | Spider:3 | HP: 5/139 [culicivora[a broodmother] (18)]
 41251 | Spider:4 | Identified a scroll of acquirement
 41557 | Spider:4 | Reached XP level 17. HP: 146/146 MP: 13/32
 41792 | Spider:4 | Noticed Arachne
 41831 | Spider:4 | Killed Arachne
 42867 | Spider:4 | Learned a level 5 spell: Irradiate
 43232 | Spider:4 | Got a gossamer rune of Zot
 43405 | Swamp:1  | Entered Level 1 of the Swamp
 44170 | Swamp:1  | Offered knowledge of Lehudib's Crystal Spear by Vehumet.
 45045 | Swamp:2  | Identified the +5 leather armour "Anateipn" {*Slow Will+
                  | Int+3 SInv}
 45766 | Swamp:2  | Found Qoegh's Island Escapes.
 45774 | Swamp:2  | Bought a potion of enlightenment for 80 gold pieces
 45774 | Swamp:2  | Bought a potion of haste for 160 gold pieces
 45774 | Swamp:2  | Bought a potion of invisibility for 128 gold pieces
 46728 | Swamp:3  | Reached skill level 5 in Transmutations
 47693 | Swamp:4  | Entered Level 4 of the Swamp
 48103 | Swamp:4  | Reached XP level 18. HP: 161/161 MP: 34/34
 48263 | Swamp:4  | Found a runed translucent door.
 48728 | Swamp:4  | Noticed the 27-headed Lernaean hydra
 49049 | Swamp:4  | Killed the 27-headed Lernaean hydra
 49186 | Swamp:4  | Offered knowledge of Fire Storm by Vehumet.
 49186 | Swamp:4  | Offered knowledge of Shatter by Vehumet.
 49186 | Swamp:4  | Offered knowledge of Chain Lightning by Vehumet.
 49429 | Swamp:4  | Got a decaying rune of Zot
 49866 | D:3      | Killed superbruh's ghost
 50619 | D:10     | Bought a manual of Staves for 880 gold pieces
 50708 | Vaults:1 | Entered Level 1 of the Vaults
 51097 | Vaults:1 | Reached skill level 1 in Shields
 51788 | Vaults:1 | Reached skill level 15 in Fighting
 52083 | Vaults:1 | Found a runed translucent gate.
 52083 | Vaults:1 | Found a runed translucent gate.
 52083 | Vaults:1 | Noticed a tentacled monstrosity
 52084 | Vaults:1 | Found a runed translucent gate.
 52084 | Vaults:1 | Noticed a tentacled monstrosity
 52575 | Vaults:1 | Found Sotaskibb's Jewellery Shop.
 53868 | Vaults:2 | Noticed Xtahua
 53947 | Vaults:2 | Reached skill level 10 in Evocations
 54102 | Vaults:2 | Reached skill level 5 in Shields
 54713 | Vaults:2 | Reached XP level 19. HP: 135/170 MP: 36/36
 54808 | Vaults:2 | Paralysed by a great orb of eyes for 5 turns
 56454 | Vaults:1 | Upgraded the game from 0.31-a0-214-gb37851dbb3 to
                  | 0.31-a0-217-g58bb5d79cf
 56691 | Vaults:3 | Found Sadib's Weapon Shoppe.
 58196 | Vaults:3 | Reached skill level 10 in Staves
 60910 | Vaults:4 | Found Xyatz's General Store.
 60913 | Vaults:4 | Bought a +2 pair of boots of flying for 258 gold pieces
 61154 | Vaults:4 | Noticed Bai Suzhen
 61162 | Vaults:4 | Killed Bai Suzhen
 62204 | Depths:1 | Entered Level 1 of the Depths
 62258 | Depths:1 | Reached XP level 20. HP: 180/180 MP: 21/38
 62342 | Depths:1 | Found a one-way gate to the infinite horrors of the Abyss.
 62357 | Depths:1 | Found a white marble altar of Elyvilon.
 62658 | D:15     | Reached skill level 15 in Earth Magic
 62843 | Depths:1 | Reached skill level 10 in Transmutations
 63665 | Depths:1 | Reached skill level 16 in Earth Magic
 63839 | Depths:1 | Found Suak Xoz's Assorted Antiques.
 63844 | Depths:1 | Bought a potion of heal wounds for 230 gold pieces
 64273 | Depths:1 | Found a one-way gate leading to the halls of Pandemonium.
 64456 | Depths:1 | Reached skill level 17 in Earth Magic
 64666 | Depths:1 | Found a one-way gateway to a ziggurat.
 64667 | Depths:1 | Found a gateway to Hell.
 65224 | Depths:1 | Identified the +5 ring mail of Ziamo {rF+}
 65334 | Depths:2 | Reached skill level 18 in Earth Magic
 65335 | Depths:2 | Noticed the Enchantress
 65677 | Depths:1 | Killed the Enchantress
 66488 | Depths:1 | Reached skill level 19 in Earth Magic
 66909 | Depths:2 | Noticed a caustic shrike
 67059 | Depths:1 | Killed a caustic shrike
 67827 | Depths:1 | Reached skill level 20 in Earth Magic
 68029 | Depths:1 | Learned a level 9 spell: Shatter
 68437 | Depths:2 | Reached XP level 21. HP: 144/188 MP: 39/39
 68522 | Depths:2 | Paralysed by a vampire knight for 4 turns
 69180 | Depths:2 | Noticed a golden dragon
 69183 | Depths:2 | Noticed a golden dragon
 69460 | Depths:2 | Killed a golden dragon
 69839 | Depths:2 | Identified the +1 great sword "Conservator" {heavy, SInv}
 69843 | Depths:2 | Identified the ring "Xugoazux" {rF+ rN+ Will+ Dex+5 Stlth-}
 70222 | Depths:2 | Killed a golden dragon
 70943 | Depths:3 | Noticed a juggernaut
 70949 | Depths:3 | Killed a juggernaut
 70978 | Depths:3 | Noticed a juggernaut
 71167 | Depths:3 | Killed a juggernaut
 71310 | Depths:3 | Noticed a juggernaut
 71317 | Depths:3 | Killed a juggernaut
 71834 | Depths:3 | Identified the +0 chain mail of Mutualism {rPois rF+ Str+3
                  | Stlth+}
 71840 | Depths:3 | Reached skill level 21 in Earth Magic
 71845 | Depths:3 | Reached skill level 15 in Spellcasting
 72977 | Depths:3 | Noticed Mennas
 73163 | Depths:4 | Entered Level 4 of the Depths
 73466 | Depths:4 | Found a white marble altar of Elyvilon.
 73844 | Depths:4 | Reached skill level 22 in Earth Magic
 74039 | Depths:4 | Found a burning altar of Makhleb.
 74052 | Depths:4 | Noticed a golden dragon
 74069 | Depths:4 | Killed a golden dragon
 74967 | Depths:4 | Reached XP level 22. HP: 135/195 MP: 38/41
 75094 | Depths:4 | Found a gate to the Realm of Zot.
 75712 | Elf:1    | Entered Level 1 of the Elven Halls
 76161 | Elf:1    | Identified the amulet "Atorud" {Faith Rampage +Blink rPois
                  | rF+}
 76235 | Elf:1    | Found a runed translucent gate.
 76235 | Elf:1    | Found a runed translucent gate.
 76235 | Elf:1    | Found a runed translucent gate.
 76235 | Elf:1    | Found a runed translucent gate.
 76235 | Elf:1    | Found a runed translucent gate.
 76237 | Elf:1    | Found a runed translucent gate.
 77779 | Elf:2    | Reached skill level 10 in Shields
 77934 | Elf:2    | Found a runed translucent gate.
 77934 | Elf:2    | Found a runed translucent gate.
 77936 | Elf:2    | Found a runed translucent gate.
 78120 | Elf:2    | Got the Compendium of the Mesa
 78301 | Elf:2    | Reached skill level 23 in Earth Magic
 78719 | Elf:2    | Found Inkocier's Mayhem Merchandise.
 79719 | Elf:3    | Entered Level 3 of the Elven Halls
 79758 | Elf:3    | Found a magical portal.
 79785 | Elf:3    | Acquired the +6 Majin-Bo {spellvamp, MP+6 Int+6}
 79785 | Elf:3    | Found the +6 Majin-Bo {spellvamp, MP+6 Int+6}
 79797 | Elf:3    | Acquired the +0 hat of Qazlal's Felicitations {Regen+
                  | Dex+3}
 79817 | WizLab   | Entered The Chambers of the Cloud Mage
 79875 | WizLab   | Reached skill level 1 in Throwing
 80577 | WizLab   | Got the Treatise on the Tempest
 80592 | WizLab   | Got Atzolej's Atlas of the Loathsome Gang
 80986 | Elf:3    | Noticed Asterion
 80991 | Elf:3    | Killed Asterion
 81515 | Elf:3    | Reached XP level 23. HP: 161/204 MP: 37/43
 81955 | Elf:3    | Identified the +3 battleaxe of Zaumacwe {freeze, Dex+5
                  | SInv}
 82000 | Elf:3    | Identified the +10 hand axe "Newat" {flame, rElec}
 82333 | Elf:3    | Identified the ring "Wyus" {rC+ rCorr Str+3 Dex-3}
 82752 | Elf:3    | Upgraded the game from 0.31-a0-217-g58bb5d79cf to
                  | 0.31-a0-219-g8d62b2e7bb
 82791 | Elf:3    | Identified the ring "Yhecs" {rPois rF+ rCorr Dex+3}
 82813 | Elf:3    | Reached skill level 5 in Throwing
 82813 | Elf:3    | Reached skill level 24 in Earth Magic
 82900 | Elf:3    | Identified the staff of the Scroll {rElec rC- Dex+7 Earth}
 82983 | Elf:3    | Identified the +2 helmet of Lole {Int-5 Dex+2 Slay+2}
 82983 | Elf:3    | Found the +2 cloak of the Thief {*Fog Slay-2 SInv Stlth+}
 82985 | Elf:3    | Got the Grimoire of the Jaunt and Attacks
 82992 | Elf:3    | Got Ilagyng's Encyclopedia of Windy Charms
 82998 | Elf:3    | Identified the +1 pair of gloves "Uninub" {Dex+2 SInv}
 83026 | Elf:3    | Identified the +5 ring mail of Eternal Night {Regen+ rCorr
                  | Int-5 Dex+2}
 83324 | Elf:3    | Learned a level 5 spell: Borgnjor's Vile Clutch
 83329 | Elf:3    | Learned a level 4 spell: Passage of Golubria
 83610 | Depths:1 | Learned a level 2 spell: Sublimation of Blood
 83756 | Vaults:1 | Reached skill level 1 in Necromancy
 83760 | Vaults:1 | Found a runed translucent gate.
 83760 | Vaults:1 | Found a runed translucent gate.
 83760 | Vaults:1 | Found a runed translucent gate.
 83761 | Vaults:1 | Noticed Qecvurom's ghost (adept DrRe)
 84076 | Vaults:5 | Entered Level 5 of the Vaults
 84091 | Vaults:5 | Reached skill level 5 in Translocations
 84094 | Vaults:5 | Noticed Jory
 84101 | Vaults:5 | Killed Jory
 84103 | Vaults:5 | Reached skill level 5 in Necromancy
 84108 | Vaults:5 | Gained mutation: You are vulnerable to cold. (rC-) [a
                  | shining eye]
 84111 | Vaults:5 | Noticed a dread lich
 84112 | Vaults:5 | Noticed an ancient lich
 84115 | Vaults:5 | Noticed an ancient lich
 84115 | Vaults:5 | Killed an ancient lich
 84115 | Vaults:5 | Killed a dread lich
 84116 | Vaults:5 | Killed an ancient lich
 84117 | Vaults:5 | Reached XP level 24. HP: 177/216 MP: 43/43
 84146 | Vaults:5 | Noticed a dread lich
 84148 | Vaults:5 | Killed a dread lich
 84484 | Vaults:5 | Noticed an ancient lich
 84487 | Vaults:5 | Killed an ancient lich
 84809 | Vaults:5 | Identified the ring of Ephemeral Luck {Will+ SInv}
 84855 | Vaults:5 | Identified the +2 leather armour of Depression {Harm rN++}
 85102 | Vaults:5 | Got a silver rune of Zot
 85146 | Vaults:5 | Found Qoesuseo's Distillery.
 85153 | Vaults:5 | Bought a potion of heal wounds for 85 gold pieces
 85153 | Vaults:5 | Bought 2 potions of magic for 272 gold pieces
 85153 | Vaults:5 | Bought a potion of resistance for 170 gold pieces
 85155 | Vaults:5 | Found Sigykhlu's Distillery.
 85160 | Vaults:5 | Bought a potion of haste for 140 gold pieces
 85160 | Vaults:5 | Bought a potion of brilliance for 56 gold pieces
 85160 | Vaults:5 | Found Nuirohe's Jewellery Boutique.
 85163 | Vaults:5 | Identified the +0 pair of gloves of Hiugihi {rC+ Dex+5}
 85165 | Vaults:5 | Found Plog's Book Emporium.
 85262 | Vaults:5 | Identified the amulet "Lihaf" {Acrobat Int+2}
 85321 | Vaults:5 | Found the +8 trishula "Condemnation" {holy, anguish, *Noise
                  | Fly rN+}
 85340 | Vaults:5 | Identified the ring "Byxett" {rElec rPois Str+6 Stlth+}
 86496 | Vaults:5 | Bought the Treatise on Bewitchment and the Cwm for 644 gold
                  | pieces
 86502 | Vaults:5 | Learned a level 5 spell: Yara's Violent Unravelling
 86803 | Depths:3 | Reached skill level 1 in Hexes
 86935 | Zot:1    | Entered Level 1 of the Realm of Zot
 87576 | Zot:1    | You are sucked into a shaft and drop 1 floor!
 87596 | Zot:2    | Reached skill level 5 in Hexes
 88162 | Zot:2    | Noticed Parghit
 89244 | Zot:2    | Killed Parghit
 89245 | Zot:2    | Reached XP level 25. HP: 231/231 MP: 19/43
 89442 | Zot:3    | Found the +4 dragonskin cloak
 89442 | Zot:3    | Noticed Tiamat
 90485 | Zot:3    | Killed Tiamat
 91297 | Zot:4    | Identified the +4 mace of Tenacity {speed, *Corrode rElec
                  | Dex+5}
 93707 | Zot:5    | Entered Level 5 of the Realm of Zot
 93707 | Zot:5    | Noticed an orb of fire
 93709 | Zot:5    | Noticed an orb of fire
 93713 | Zot:4    | Gained mutation: You occasionally lose the ability to drink
                  | potions when taking damage. [an orb of fire]
 93730 | Zot:4    | HP: 3/233 [orb of fire/fireball (31)]
 94324 | D:14     | Lost mutation: You are vulnerable to cold. (rC-) [potion of
                  | mutation]
 94324 | D:14     | Lost mutation: You occasionally lose the ability to drink
                  | potions when taking damage. [potion of mutation]
 94324 | D:14     | Gained mutation: You are clumsy. (Dex -2) [potion of
                  | mutation]
 94324 | D:14     | Gained mutation: You are strong-willed. (Will+) [potion of
                  | mutation]
 94324 | D:14     | Gained mutation: Your magical capacity is low. (-10% MP)
                  | [potion of mutation]
 94324 | D:14     | Gained mutation: Your spells are a little harder to cast,
                  | but a little more powerful. [potion of mutation]
 94325 | D:14     | Lost mutation: Your magical capacity is low. (-10% MP)
                  | [potion of mutation]
 94325 | D:14     | Lost mutation: You are strong-willed. (Will+) [potion of
                  | mutation]
 94325 | D:14     | Lost mutation: You are clumsy. (Dex -2) [potion of
                  | mutation]
 94325 | D:14     | Gained mutation: You have a somewhat thin skeletal
                  | structure. (Dex +2, Stealth+) [potion of mutation]
 94325 | D:14     | Gained mutation: You sometimes lose your temper in combat.
                  | [potion of mutation]
 94325 | D:14     | Gained mutation: You have large cloven feet. [potion of
                  | mutation]
 94493 | Zot:3    | Learned a level 8 spell: Lehudib's Crystal Spear
 94701 | Zot:5    | Killed an orb of fire
 95034 | Zot:5    | Reached skill level 15 in Conjurations
 95277 | Zot:5    | Reached skill level 10 in Necromancy
 95435 | Zot:5    | Noticed a Killer Klown
 95436 | Zot:5    | Noticed a dread lich
 95439 | Zot:5    | Noticed a Killer Klown
 95441 | Zot:5    | Noticed an orb of fire
 95441 | Zot:5    | Killed a Killer Klown
 95441 | Zot:5    | Killed a dread lich
 95449 | Zot:5    | Reached XP level 26. HP: 160/242 MP: 23/43
 95449 | Zot:5    | Killed an orb of fire
 95652 | Zot:5    | Noticed a dread lich
 95654 | Zot:5    | Killed a dread lich
 95656 | Zot:5    | Noticed a dread lich
 95658 | Zot:5    | Killed a dread lich
 95857 | Zot:5    | Noticed an orb of fire
 95857 | Zot:5    | Gained mutation: You are dopey. (Int -2) [an orb of fire]
 95858 | Zot:5    | Gained mutation: You are frail. (-10% HP) [an orb of fire]
 95863 | Zot:5    | Gained mutation: You occasionally lose the ability to drink
                  | potions when taking damage. [an orb of fire]
 95870 | Zot:5    | Killed an orb of fire
 95884 | Zot:5    | Lost mutation: You occasionally lose the ability to drink
                  | potions when taking damage. [potion of mutation]
 95884 | Zot:5    | Lost mutation: You are dopey. (Int -2) [potion of mutation]
 95884 | Zot:5    | Lost mutation: You have a somewhat thin skeletal structure.
                  | (Dex +2, Stealth+) [potion of mutation]
 95884 | Zot:5    | Gained mutation: You have hoof-like feet. [potion of
                  | mutation]
 95953 | Zot:5    | Noticed an ancient lich
 95954 | Zot:5    | Noticed a dread lich
 95957 | Zot:5    | Killed an ancient lich
 95962 | Zot:5    | Killed a dread lich
 96027 | Zot:5    | Noticed an orb of fire
 96047 | Zot:5    | Noticed a dread lich
 96058 | Zot:5    | Killed a dread lich
 96145 | Zot:5    | Killed an orb of fire
 96290 | Zot:5    | Noticed an orb of fire
 96306 | Zot:5    | Killed an orb of fire
 96401 | Zot:5    | Noticed a dread lich
 96407 | Zot:5    | Killed a dread lich
 96903 | Zot:5    | Got the Orb of Zot
 96905 | Zot:5    | Noticed Geop Sonwa the pandemonium lord
 96912 | Zot:5    | Killed Geop Sonwa the pandemonium lord
 97029 | Zot:3    | Noticed Kekaismuoni the pandemonium lord
 97037 | Zot:3    | Killed Kekaismuoni the pandemonium lord
 97400 | D:2      | Noticed Task the pandemonium lord
 97410 | D:2      | Killed Task the pandemonium lord
 97487 | D:$      | Escaped with the Orb!

Illustrated notes

Levels and vault maps discovered:
D:1:      lightli_arrival_farm, layout_basic
D:2:      layout_rooms, basic_ecumenical_altar
D:3:      layout_rooms, nicolae_overflow_hidden_temple, gammafunk_ghost_icy,
          serial_bayou, serial_bayou_shore_a, serial_bayou_lake_a,
          serial_bayou_pond_b, serial_bayou_crossing, uniq_robin
D:4:      kb_forest_paths, layout_basic, mainiacjoe_overflow_surrounded_room,
          minmay_temple_entry_glass, uniq_crazy_yiuf_cottage,
          uniq_blork_the_orc, uniq_sigmund
D:5:      layout_rooms, serial_curves, eino_curves_03, eino_curves_04,
          eino_curves_03, nrook_loot_triangle, minmay_hollow_rounded_squares
D:6:      layout_layer_cave, minmay_misc_feat_nine_boxes,
          hangedman_decor_riveting, minmay_checkerbox
D:7:      layout_layer_cave, enter_bailey_2
D:8:      layout_basic, hellmonk_lair_entry_icy
D:9:      layout_cave_pools, nicolae_gozag_seed_capital, hangedman_decor_push
D:10:     layout_gridville, mainiacjoe_overflow_chevrons, fedhas_altar_1,
          zin_angel, orc_0_dummy, nicolae_shop_self_help
D:11:     layout_cross, enter_trove_3, portal_ice_cave_entry_pillars_2,
          hangedman_decor_peaks_small, minmay_fractal_squares_5
D:12:     layout_basic, nicolae_diode_basic
D:13:     layout_roguey, david_vaults_1, uniq_erolcha
D:14:     layout_long_grid, minmay_staircase_statues
D:15:     hangedman_depths_entry_civil_slaughter, layout_cave_pools,
          led_sif_pool
Temple:   nicolae_temple_god_jail
Lair:1:   layout_roguey, grunt_megastairs_2, lemuel_fruit_fields, uniq_urug
Lair:2:   layout_gridlike
Lair:3:   layout_cave_pods, minmay_swamp_entry_worms,
          spider_nest_entry_web_field, grunt_megastairs_4
Lair:4:   layout_gridlike, minmay_slime_entry_pillars
Lair:5:   cheibrodos_lair_end_hotspot, layout_concentric_octagons,
          dreamdust_gnoll_shepherd
Swamp:1:  layout_basic_swamp, hangedman_swamp_cone, swamp_pool1,
          nicolae_swamp_frolicking_bunyips
Swamp:2:  layout_falls_marsh, evilmike_swamp_ruin_house_1, swamp_pool1,
          nicolae_island_escapes
Swamp:3:  layout_basic_swamp, evilmike_swamp_ruin_house_2
Swamp:4:  swamp, layout_basic_swamp, swamp_pool1, ldierk_geyser,
          nzn_swamp_weyward_sisters
Spider:1: layout_spider_delve
Spider:2: layout_chambers
Spider:3: layout_spider_delve, gammafunk_ghost_split, uniq_aizul
Spider:4: grunt_spider_rune_circles, uniq_arachne
Orc:1:    layout_caves, serial_shops, nicolae_shop_tiny_real_fake_doors,
          uniq_jorgrun
Orc:2:    st_orc_elflike, layout_diamond_mine, ebering_ghost_rock_garden,
          statue_in_the_mist_lemuel, uniq_azrael, uniq_saint_roka, uniq_maurice
Elf:1:    layout_onion_city, orc_legates
Elf:2:    elven_hall_of_blades_hangedman_original [grunt_blade_entry_basic],
          layout_loops_corners, grunt_ministairs_1, minmay_shop_mayhem,
          minmay_checkered_concentric_circles
Elf:3:    minmay_elf_hall_golems, layout_loops_corners,
          infiniplex_enter_wizlab_glasses, grunt_megastairs_3, uniq_asterion
Vaults:1: ploomutoo_gammafunk_ghost_potion_laboratory, hangedman_vaults_slice,
          hangedman_vaults_corner_blocks, nicolae_vaults_network_s,
          nicolae_vaults_tetromino_L_2, nicolae_vaults_little_guard_posts,
          ontoclasm_vaults_twist, nicolae_vaults_specimen_jars,
          nicolae_vaults_wine_cellar, nicolae_vaults_trapezoid_lopsided_3,
          layout_vaults_big_room, serial_shops, nicolae_shop_statue_plus
Vaults:2: vaults_standard_mumra_lines, minmay_crypt_entry_simple_box,
          v_pattern_2, hangedman_vaults_cutoff, nicolae_vaults_theta,
          hangedman_vaults_nodes, vaults_room_stairs_pillars,
          grunt_vaults_swirl, nicolae_vaults_doubleplus_tesselated,
          layout_vaults_omnicross, uniq_xtahua
Vaults:3: v_misc_26, v_misc_1, ontoclasm_vaults_ligature,
          nicolae_vaults_house_1, nicolae_vaults_display_case, v_alt_pattern_1,
          hangedman_vaults_corner_blocks, nicolae_vaults_bisected_inception,
          vaults_room_stairs_pillars, ontoclasm_vaults_eye,
          nicolae_vaults_network_periphery, layout_vaults_ring, serial_shops,
          shop
Vaults:4: v_misc_19, nicolae_vaults_double_plus_1,
          nicolae_vaults_little_squares_5, v_rooms_1,
          nicolae_vaults_door_testing_chamber, nicolae_vaults_network_quincunx
          [nicolae_vaults_network_quincunx_subvault,
          nicolae_vaults_network_quincunx_subvault,
          nicolae_vaults_network_quincunx_subvault,
          nicolae_vaults_network_quincunx_subvault,
          nicolae_vaults_network_quincunx_subvault], v_misc_3,
          nicolae_vaults_little_squares_6, ontoclasm_vaults_ring_small,
          ontoclasm_vaults_idyll, nicolae_vaults_oval_intersection,
          nicolae_vaults_variable_pillar_hall, nicolae_vaults_storage_closets_2,
          nicolae_vaults_variable_pillar_hall, nicolae_vaults_sealed_display,
          layout_vaults_maze, serial_shops, nicolae_shop_tiny_real_fake_doors,
          uniq_bai_suzhen
Vaults:5: uniq_jory
Depths:1: layout_basic, enter_ziggurat_e, serial_corexii_hall,
          corexii_hall_statues_x, corexii_hall_statues_i, hell_entry,
          grunt_pan_entry_zigzag, serial_shops, nicolae_shop_real_fake_doors,
          minmay_room_of_horrors, elyvilon_altar_1, due_unseen_surprise
Depths:2: hangedman_pleasuredromes, serial_shops, hell_entry, pan_entry,
          uniq_enchantress
Depths:3: kennysheep_large_spiral, layout_honeycomb, abyss_entry_crystal,
          nicolae_qazlal_scattered_showers, hell_entry,
          roderic_lattice_octagonal_star, uniq_mennas
Depths:4: grunt_zot_entry_bicorn, layout_gridville,
          chequers_serial_rivers_room_b, marbit_kobold_abyss_entry, hellmouth_1,
          hangedman_feature_mirror
Zot:1:    layout_misc_corridors
Zot:2:    layout_gridville, skrybe_zot_glass_2, uniq_parghit
Zot:3:    layout_gridlike, uniq_tiamat
Zot:4:    layout_cathedral_of_symmetry, grunt_megastairs_5
Zot:5:    layout_gridlike

Skill      XL: |  1  2  3  4  5  6  7  8  9 10 11 12 13 14 15 16 17 18 19 20 21 22 23 24 25 26 |
---------------+-------------------------------------------------------------------------------+-----
Stealth        | 2 3 4 5 6 |  6.0
Earth Magic    | 4 5 7 8 9 10 11 12 13 14 20 22 23 24 | 24.0
Short Blades   | 1 2 4 5 6 |  6.0
Spellcasting   | 3 4 5 6 8 10 11 12 13 14 15 16 17 | 17.8
Dodging        | 2 4 6 7 9 10 11 15 16 17 18 19 20 | 20.0
Fighting       | 2 4 6 7 8 10 11 12 14 15 16 18 19 20 21 | 21.9
Transmutations | 2 4 5 7 9 10 | 10.0
Conjurations   | 1 4 5 6 8 9 10 12 13 14 15 16 | 16.0
Translocations | 3 4 6 8 |  8.0
Poison Magic   | 4 6 8 |  8.0
Evocations     | 6 8 10 11 12 | 12.0
Staves         | 4 6 8 11 12 | 12.0
Shields        | 5 6 8 10 | 10.0
Throwing       | 3 6 |  6.0
Necromancy     | 6 8 10 12 | 12.0
Hexes          | 6 |  6.0

Action                     |  1- 3 |  4- 6 |  7- 9 | 10-12 | 13-15 | 16-18 | 19-21 | 22-24 | 25-27 || total
---------------------------+-------+-------+-------+-------+-------+-------+-------+-------+-------++-------
  Melee: Unarmed           |    51 |       |       |       |       |       |       |       |       ||    51
         Tailslap          |     4 |       |       |     1 |     8 |    22 |    29 |     9 |    26 ||    99
         Dagger            |     8 |       |     2 |     9 |    20 |    19 |       |       |       ||    58
         Staff             |       |     1 |       |     2 |    35 |   136 |   152 |    68 |    91 ||   485
         Bo                |       |       |       |       |       |       |       |     6 |     3 ||     9
   Fire: Sling             |       |     8 |     2 |     2 |       |       |       |       |       ||    12
  Throw: Dart              |       |       |     2 |    15 |     1 |       |       |       |     1 ||    19
         Boomerang         |       |       |       |     3 |     1 |     1 |       |       |       ||     5
         Throwing net      |       |       |       |       |     1 |       |       |       |       ||     1
   Cast: Sandblast         |    70 |    87 |    46 |    41 |       |       |       |       |       ||   244
         Stone Arrow       |       |       |    99 |   321 |   265 |   313 |    76 |     3 |       ||  1077
         Passwall          |       |       |     2 |    14 |     2 |     1 |     4 |       |     1 ||    24
         Olgreb's Toxic Ra |       |       |       |    78 |   140 |   176 |    52 |     4 |       ||   450
         Lee's Rapid Decon |       |       |       |     8 |   165 |    37 |   246 |   330 |    53 ||   839
         Leda's Unmaking   |       |       |       |       |    85 |   276 |   431 |   174 |   124 ||  1090
         Petrify           |       |       |       |       |     1 |       |       |       |       ||     1
         Iskenderun's Myst |       |       |       |       |     2 |     1 |    24 |     6 |     7 ||    40
         Orb of Destructio |       |       |       |       |     1 |    55 |    12 |    21 |    45 ||   134
         Irradiate         |       |       |       |       |       |       |    19 |     7 |     8 ||    34
         Shatter           |       |       |       |       |       |       |     2 |    62 |    47 ||   111
         Sublimation of Bl |       |       |       |       |       |       |       |    14 |    32 ||    46
         Borgnjor's Vile C |       |       |       |       |       |       |       |     2 |     5 ||     7
         Yara's Violent Un |       |       |       |       |       |       |       |     2 |     3 ||     5
         Lehudib's Crystal |       |       |       |       |       |       |       |       |    61 ||    61
  Evoke: Wand              |       |       |     2 |     1 |     4 |     4 |     7 |     3 |     5 ||    26
         Phantom mirror    |       |       |       |     1 |     1 |     1 |     2 |     1 |       ||     6
         Phial of floods   |       |       |       |       |     1 |       |     1 |       |       ||     2
         Lightning rod     |       |       |       |       |       |    10 |     4 |       |       ||    14
    Use: Scroll            |       |       |    10 |     8 |    14 |    10 |    10 |     8 |     6 ||    66
         Potion            |       |       |       |     1 |     2 |     2 |    11 |     1 |    16 ||    33
   Stab: Sleeping          |     1 |       |     1 |     9 |       |     3 |       |       |       ||    14
 Armour: Skin              |    24 |    14 |    27 |    68 |   153 |   193 |   219 |    68 |    40 ||   806
  Dodge: Dodged            |    55 |    45 |    41 |   102 |   247 |   435 |   369 |   284 |   222 ||  1800
  Block: Other             |       |       |       |       |       |     9 |       |       |       ||     9
         Buckler           |       |       |       |       |       |    81 |   223 |   101 |    76 ||   481
         Reflection        |       |       |       |       |       |    39 |    21 |    21 |     2 ||    83

Table legend: (Time is in decaauts)
 A = Elapsed time spent in this place.
 B = Non-inter-level travel time spent in this place.
 C = Inter-level travel time spent in this place.
 D = Time resting spent in this place.
 E = Time spent auto-exploring this place.
 F = Levels seen in this place.
 G = Mean time per level.
                   A        B        C        D        E       F      G
               +--------+--------+--------+--------+--------+-----+--------+
         Total |  97725 |  88577 |   9148 |   1029 |  72086 |  51 | 1916.2 |
       Dungeon |  21590 |  18433 |   3157 |    217 |  15014 |  15 | 1439.3 |
        Temple |     93 |     93 |      0 |      0 |     48 |   1 |   93.0 |
          Lair |   9696 |   8614 |   1082 |    209 |   7131 |   5 | 1939.2 |
         Swamp |   6250 |   6099 |    151 |      5 |   5143 |   4 | 1562.5 |
   Spider Nest |   9319 |   8617 |    702 |      0 |   6946 |   4 | 2329.8 |
  Orcish Mines |   4744 |   4271 |    473 |      0 |   3400 |   2 | 2372.0 |
   Elven Halls |   6810 |   6574 |    236 |      0 |   5370 |   3 | 2270.0 |
        Vaults |  13061 |  11767 |   1294 |    118 |   9624 |   5 | 2612.2 |
        Depths |  13372 |  11751 |   1621 |      0 |   9996 |   4 | 3343.0 |
           Zot |   9392 |   8963 |    429 |    114 |   7303 |   5 | 1878.4 |
        Bailey |    579 |    579 |      0 |     42 |    333 |   1 |  579.0 |
      Ice Cave |   1946 |   1946 |      0 |    201 |   1206 |   1 | 1946.0 |
        Wizlab |    868 |    868 |      0 |    123 |    570 |   1 |  868.0 |
               +--------+--------+--------+--------+--------+-----+--------+

Top non-repeatable levels by time:
Depths:1: 5725 daAuts
   Orc:2: 3772 daAuts
Vaults:1: 3271 daAuts
Depths:3: 3116 daAuts
Vaults:3: 3107 daAuts
   Zot:4: 3065 daAuts
Spider:3: 2861 daAuts
Spider:4: 2821 daAuts
Vaults:2: 2736 daAuts
Vaults:4: 2651 daAuts
Depths:4: 2630 daAuts
   Elf:3: 2504 daAuts
Spider:2: 2502 daAuts
   Elf:2: 2393 daAuts
  Lair:5: 2364 daAuts
